SAAA
ALLOWAY HALBERDS @ CALGARY LYNX
09/16/2027
 
TOP OF THE 1ST
Alloway Halberds batting - Pitching for Calgary Lynx : LHP Octávio Fernández
Pitching: LHP Octávio Fernández
Batting: RHB Will Hunter 0-0: Ball
1-0: Ball
2-0: Foul Ball, location: 2F
2-1: Called Strike
2-2: Strikes out looking
Batting: RHB Vito Middendorf 0-0: Ball
1-0: Foul Ball, location: 2F
1-1: Called Strike
1-2: Fly out, F4 (Popup, 3D)
Batting: RHB Juan Salinas 0-0: Ball
1-0: SINGLE (Line Drive, 9S)
Batting: LHB Jorge Flores 0-0: Ball
1-0: Ball
2-0: Called Strike
2-1: Ball
3-1: 2-RUN HOME RUN (Flyball, 9LD), Distance : 336 ft
Batting: RHB Chi-hyeong Ho 0-0: Fly out, F7 (Flyball, 7S)
Top of the 1st over - 2 run(s), 2 hit(s), 0 error(s), 0 left on base; Alloway 2 - Calgary 0
BOTTOM OF THE 1ST
Calgary Lynx batting - Pitching for Alloway Halberds : RHP Jim Unknown
Pitching: RHP Jim Unknown
Batting: RHB Hieu De 0-0: Called Strike
0-1: Called Strike
0-2: Ball
1-2: Ball
2-2: Ball
3-2: Base on Balls
Batting: RHB Ieyoshi Yamamoto 0-0: Ball
1-0: Called Strike
1-1: Ground out 6-3 (Groundball, 6M)
Hieu De to second
Batting: RHB Lytle Creek 0-0: Ball
1-0: Ball
2-0: Foul Ball, location: 2F
2-1: Foul Ball, location: 2F
2-2: Foul Ball, location: 2F
2-2: Strikes out swinging
Batting: RHB Wilson Vega 0-0: Ball
1-0: SINGLE (Groundball, 4MD)
Hieu De to third
Runner from 3rd tries for Home, throw and OUT!
Bottom of the 1st over - 0 run(s), 1 hit(s), 0 error(s), 1 left on base; Alloway 2 - Calgary 0
TOP OF THE 2ND
Alloway Halberds batting - Pitching for Calgary Lynx : LHP Octávio Fernández
Batting: RHB Christovão Galho 0-0: Called Strike
0-1: Ball
1-1: Swinging Strike
1-2: Foul Ball, location: 2F
1-2: Foul Ball, location: 2F
1-2: Ground out 3-1 (Groundball, 34)
Batting: RHB Robbie Young 0-0: Called Strike
0-1: Ball
1-1: Ball
2-1: Called Strike
2-2: Strikes out looking
Batting: SHB John Clayton 0-0: Ball
1-0: Fly out, F2 (Popup, P)
Top of the 2nd over - 0 run(s), 0 hit(s), 0 error(s), 0 left on base; Alloway 2 - Calgary 0
BOTTOM OF THE 2ND
Calgary Lynx batting - Pitching for Alloway Halberds : RHP Jim Unknown
Batting: LHB José León 0-0: Called Strike
0-1: Called Strike
0-2: Strikes out swinging
Batting: RHB Miguel Rosales 0-0: Ball
1-0: Ball
2-0: Called Strike
2-1: Called Strike
2-2: Ball
3-2: Foul Ball, location: 2F
3-2: Ground out 5-3 (Groundball, 5)
Batting: LHB Thomas Campbell 0-0: Ball
1-0: Called Strike
1-1: Ball
2-1: Foul Ball, location: 2F
2-2: SINGLE (Line Drive, 78M)
Batting: RHB Alan Bryan 0-0: Called Strike
0-1: Ball
1-1: Foul Ball, location: 2F
1-2: Foul Ball, location: 2F
1-2: Ball
Throwing error on steal attempt, E2
Thomas Campbell to third
2-2: Ball
3-2: Foul Ball, location: 2F
3-2: DOUBLE (Flyball, 7)
Thomas Campbell scores
Batting: RHB Juan Martínez 0-0: Ground out 6-3 (Groundball, 6)
Bottom of the 2nd over - 1 run(s), 2 hit(s), 1 error(s), 1 left on base; Alloway 2 - Calgary 1
TOP OF THE 3RD
Alloway Halberds batting - Pitching for Calgary Lynx : LHP Octávio Fernández
Batting: LHB Ricardo Ríos 0-0: Ball
1-0: Ball
2-0: Foul Ball, location: 2F
2-1: Called Strike
2-2: Strikes out swinging
Batting: RHB Will Hunter 0-0: Swinging Strike
0-1: Foul Ball, location: 2F
0-2: Ball
1-2: Foul Ball, location: 2F
1-2: Strikes out swinging
Batting: RHB Vito Middendorf 0-0: Ball
1-0: Ball
2-0: Bunted foul
2-1: Fly out, F5 (Popup, 5L)
Top of the 3rd over - 0 run(s), 0 hit(s), 0 error(s), 0 left on base; Alloway 2 - Calgary 1
BOTTOM OF THE 3RD
Calgary Lynx batting - Pitching for Alloway Halberds : RHP Jim Unknown
Batting: RHB Hieu De 0-0: Ball
1-0: Ball
2-0: Called Strike
2-1: Foul Ball, location: 2F
2-2: Ground out 6-3 (Groundball, 6)
Batting: RHB Ieyoshi Yamamoto 0-0: Foul Ball, location: 2F
0-1: Foul Ball, location: 2F
0-2: Ground out 6-3 (Groundball, 6)
Batting: RHB Lytle Creek 0-0: Ball
1-0: Ball
2-0: Called Strike
2-1: Ball
3-1: Single, Error in OF, E8, batter to second base
Batting: RHB Wilson Vega 0-0: Ball
1-0: 2-RUN HOME RUN (Line Drive, 78XD), Distance : 419 ft
Batting: LHB José León 0-0: Ground out 3-1 (Groundball, 34)
Bottom of the 3rd over - 2 run(s), 2 hit(s), 1 error(s), 0 left on base; Alloway 2 - Calgary 3
TOP OF THE 4TH
Alloway Halberds batting - Pitching for Calgary Lynx : LHP Octávio Fernández
Batting: RHB Juan Salinas 0-0: Ground out 4-3 (Groundball, 4)
Batting: LHB Jorge Flores 0-0: Ball
1-0: Ball
2-0: Called Strike
2-1: Foul Ball, location: 2F
2-2: Foul Ball, location: 2F
2-2: SINGLE (Groundball, 6MD)
Batting: RHB Chi-hyeong Ho 0-0: Called Strike
0-1: Swinging Strike
0-2: Fly out, F8 (Flyball, 8LM)
Batting: RHB Christovão Galho 0-0: Called Strike
0-1: Ball
1-1: Ground out 3-1 (Groundball, 34)
Top of the 4th over - 0 run(s), 1 hit(s), 0 error(s), 1 left on base; Alloway 2 - Calgary 3
BOTTOM OF THE 4TH
Calgary Lynx batting - Pitching for Alloway Halberds : RHP Jim Unknown
Batting: RHB Miguel Rosales 0-0: Ball
1-0: DOUBLE (Flyball, 89D)
Batting: LHB Thomas Campbell 0-0: Called Strike
0-1: Called Strike
0-2: Foul Ball, location: 2F
0-2: Ball
1-2: Ball
2-2: SINGLE (Line Drive, 56D)
Miguel Rosales to third
Batting: RHB Alan Bryan 0-0: Swinging Strike
0-1: Called Strike
0-2: Foul Ball, location: 2F
0-2: Ball
1-2: Strikes out looking
Batting: RHB Juan Martínez 0-0: Called Strike
0-1: Ball
1-1: Ball
2-1: SINGLE (Line Drive, 7S)
Miguel Rosales scores
Thomas Campbell to second
Batting: RHB Hieu De 0-0: Ball
1-0: Foul Ball, location: 2F
1-1: Fly out, F4 (Popup, 4)
Batting: RHB Ieyoshi Yamamoto 0-0: Called Strike
0-1: Swinging Strike
0-2: Ball
1-2: Fly out, F9 (Flyball, 89M)
Bottom of the 4th over - 1 run(s), 3 hit(s), 0 error(s), 2 left on base; Alloway 2 - Calgary 4
TOP OF THE 5TH
Alloway Halberds batting - Pitching for Calgary Lynx : LHP Octávio Fernández
Batting: RHB Robbie Young 0-0: Foul Ball, location: 2F
0-1: Foul Ball, location: 2F
0-2: Fly out, F6 (Line Drive, 6)
Batting: SHB John Clayton 0-0: Called Strike
0-1: Ground out 6-3 (Groundball, 6)
Batting: LHB Ricardo Ríos 0-0: Ball
1-0: Called Strike
1-1: SOLO HOME RUN (Flyball, 9LD), Distance : 341 ft
Batting: RHB Will Hunter 0-0: Foul Ball, location: 2F
0-1: Swinging Strike
0-2: Strikes out looking
Top of the 5th over - 1 run(s), 1 hit(s), 0 error(s), 0 left on base; Alloway 3 - Calgary 4
BOTTOM OF THE 5TH
Calgary Lynx batting - Pitching for Alloway Halberds : RHP Jim Unknown
Batting: RHB Lytle Creek 0-0: Ball
1-0: Fly out, F8 (Line Drive, 8LM)
Batting: RHB Wilson Vega 0-0: Foul Ball, location: 2F
0-1: Ball
1-1: Ball
2-1: Swinging Strike
2-2: Strikes out looking
Batting: LHB José León 0-0: Ball
1-0: Ball
2-0: Ball
3-0: Base on Balls
Batting: RHB Miguel Rosales 0-0: Ball
1-0: SINGLE (Line Drive, 34D)
José León to second
Batting: LHB Thomas Campbell 0-0: Ground out U3 (Groundball, 34)
Bottom of the 5th over - 0 run(s), 1 hit(s), 0 error(s), 2 left on base; Alloway 3 - Calgary 4
TOP OF THE 6TH
Alloway Halberds batting - Pitching for Calgary Lynx : LHP Octávio Fernández
Batting: RHB Vito Middendorf 0-0: Ball
1-0: Foul Ball, location: 2F
1-1: Ball
2-1: Called Strike
2-2: Foul Ball, location: 2F
2-2: Foul Ball, location: 2F
2-2: Fly out, F8 (Flyball, 8LD)
Batting: RHB Juan Salinas 0-0: Ball
1-0: Foul Ball, location: 2F
1-1: Ball
2-1: SINGLE (Line Drive, 56D)
Batting: LHB Jorge Flores 0-0: Ball
1-0: Called Strike
1-1: Swinging Strike
1-2: Fly out, F8 (Flyball, 8RM)
Batting: RHB Chi-hyeong Ho 0-0: Called Strike
0-1: Called Strike
0-2: Ball
1-2: Strikes out swinging
Top of the 6th over - 0 run(s), 1 hit(s), 0 error(s), 1 left on base; Alloway 3 - Calgary 4
BOTTOM OF THE 6TH
Calgary Lynx batting - Pitching for Alloway Halberds : RHP Jim Unknown
Batting: RHB Alan Bryan 0-0: Called Strike
0-1: Ball
1-1: Foul Ball, location: 2F
1-2: Foul Ball, location: 2F
1-2: Foul Ball, location: 2F
1-2: Foul Ball, location: 2F
1-2: Strikes out swinging
Batting: RHB Juan Martínez 0-0: Ball
1-0: Called Strike
1-1: Ball
2-1: Ball
3-1: Foul Ball, location: 2F
3-2: Base on Balls
Pitching: RHP Rewa Malaki
Batting: RHB Hieu De 0-0: Ball
1-0: Foul Ball, location: 2F
1-1: Ball
Juan Martínez is caught stealing 2nd base
2-1: Swinging Strike
2-2: Ball
3-2: Foul Ball, location: 2F
3-2: Base on Balls
Batting: RHB Ieyoshi Yamamoto 0-0: Ball
1-0: Ball
Wild Pitch!
Hieu De to second
2-0: SINGLE (Groundball, 6MD)
Hieu De to third
Runner from 3rd tries for Home, SAFE, no throw
Batting: RHB Lytle Creek 0-0: Ball
1-0: Ball
2-0: Ball
3-0: Called Strike
3-1: Ground out 4-3 (Groundball, 4S)
Bottom of the 6th over - 1 run(s), 1 hit(s), 0 error(s), 1 left on base; Alloway 3 - Calgary 5
TOP OF THE 7TH
Alloway Halberds batting - Pitching for Calgary Lynx : LHP Octávio Fernández
Batting: RHB Christovão Galho 0-0: Ball
1-0: Called Strike
1-1: Fly out, F5 (Line Drive, 5)
Batting: RHB Robbie Young 0-0: Called Strike
0-1: Called Strike
0-2: Ground out 5-3 (Groundball, 56)
Batting: SHB John Clayton 0-0: Called Strike
0-1: Foul Ball, location: 2F
0-2: Ball
1-2: Strikes out looking
Top of the 7th over - 0 run(s), 0 hit(s), 0 error(s), 0 left on base; Alloway 3 - Calgary 5
BOTTOM OF THE 7TH
Calgary Lynx batting - Pitching for Alloway Halberds : RHP Rewa Malaki
Batting: RHB Wilson Vega 0-0: Ball
1-0: Called Strike
1-1: Ball
2-1: Called Strike
2-2: Strikes out swinging
Batting: LHB José León 0-0: Fly out, F9 (Flyball, 9LMF)
Batting: RHB Miguel Rosales 0-0: Swinging Strike
0-1: SINGLE (Line Drive, 4D)
Batting: LHB Thomas Campbell 0-0: Foul Ball, location: 2F
0-1: SINGLE (Groundball, 34S) (infield hit)
Miguel Rosales to second
Pinch Hitting: RHB Jesús Martínez 0-0: Swinging Strike
0-1: Swinging Strike
0-2: Foul Ball, location: 2F
0-2: Fly out, F4 (Line Drive, 4)
Bottom of the 7th over - 0 run(s), 2 hit(s), 0 error(s), 2 left on base; Alloway 3 - Calgary 5
TOP OF THE 8TH
Alloway Halberds batting - Pitching for Calgary Lynx : LHP Octávio Fernández
Now in RF: Daniel García
Batting: LHB Ricardo Ríos 0-0: Fly out, F9 (Flyball, 9S)
Batting: RHB Will Hunter 0-0: Ball
1-0: Called Strike
1-1: Swinging Strike
1-2: Strikes out swinging
Batting: RHB Vito Middendorf 0-0: Ball
1-0: Fly out, F8 (Flyball, 8LS)
Top of the 8th over - 0 run(s), 0 hit(s), 0 error(s), 0 left on base; Alloway 3 - Calgary 5
BOTTOM OF THE 8TH
Calgary Lynx batting - Pitching for Alloway Halberds : RHP Rewa Malaki
Batting: RHB Juan Martínez 0-0: Ball
1-0: Ground out 2-3 (Groundball, 2L)
Batting: RHB Hieu De 0-0: Ground out 4-3 (Groundball, 4)
Batting: RHB Ieyoshi Yamamoto 0-0: Called Strike
0-1: Ball
1-1: Ball
2-1: Called Strike
2-2: DOUBLE (Line Drive, 89D) - OUT at third base trying to stretch hit.
Bottom of the 8th over - 0 run(s), 1 hit(s), 0 error(s), 0 left on base; Alloway 3 - Calgary 5
TOP OF THE 9TH
Alloway Halberds batting - Pitching for Calgary Lynx : LHP Octávio Fernández
Pitching: RHP Tate Beason
Batting: RHB Juan Salinas 0-0: Ball
1-0: Foul Ball, location: 2F
1-1: Ball
2-1: Ball
3-1: Base on Balls
Batting: LHB Jorge Flores 0-0: Ball
1-0: Ball
2-0: Swinging Strike
2-1: Foul Ball, location: 2F
2-2: Fly out, F2 (Popup, 25)
Pinch Hitting: LHB Toby Kamin 0-0: Ball
1-0: Ball
2-0: SINGLE (Line Drive, 89S)
Juan Salinas to second
Runner from 2nd tries for 3rd, OUT!
Toby Kamin to second
Now at 3B: Mario Piña
Batting: RHB Christovão Galho 0-0: Ball
1-0: Foul Ball, location: 2F
1-1: Fly out, F4 (Popup, 4)
Top of the 9th over - 0 run(s), 1 hit(s), 0 error(s), 1 left on base; Alloway 3 - Calgary 5
Saturday, May 26th, 2018 - OOTP Baseball 17.12 Build 75